 Dungeon Crawl Stone Soup version 0.29-a0-878-g7b45a56547 (webtiles) character file.

Game seed: 15086219586155943990

8 zishaf the Shooter (level 1, -2/17 HPs)
             Began as a Demigod Hunter on July 19, 2022.
             Slain by a frilled lizard (3 damage)
             ... on level 1 of the Dungeon.
             The game lasted 00:00:24 (54 turns).

zishaf the Shooter (Demigod Hunter)                   Turns: 54, Time: 00:00:25

Health: -2/17      AC:  3    Str: 12    XL:     1   Next: 80%
Magic:  3/3        EV: 12    Int: 11    God:
Gold:   7          SH:  0    Dex: 17    Spells: 0/0 levels left

rFire   . . .      SeeInvis .   a - +0 shortbow
rCold   . . .      Faith    .   (shield currently unavailable)
rNeg    . . .      Spirit   .   c - +0 leather armour
rPois   .          Reflect  .   (no helmet)
rElec   .          Harm     .   (no cloak)
rCorr   .          Rampage  .   (no gloves)
Will    .....                   (no boots)
Stlth   ++........              (no amulet)
HPRegen 0.05/turn               (no ring)
MPRegen 0.08/turn               (no ring)

@: no status effects
A: high MP 1, forlorn, divine attributes
a: no special abilities


You were on level 1 of the Dungeon.
You visited 1 branch of the dungeon, and saw 1 of its levels.

You collected 7 gold pieces.

Inventory:

Hand Weapons
 a - a +0 shortbow (weapon)
Armour
 c - a +0 leather armour (worn)
Scrolls
 b - a scroll of immolation
 d - a scroll of identify {unknown}
Potions
 e - a potion of mutation {unknown}


   Skills:
 + Level 2.0 Fighting
 * Level 3.9 Ranged Weapons
 - Level 1.7 Dodging
 - Level 0.8 Stealth


You couldn't memorise any spells.
You didn't know any spells.
Your spell library contained the following spells:

 Spells                   Type           Power      Damage    Failure   Level
 Leda's Liquefaction      Hex/Erth       0%         N/A       99%         4
 Lee's Rapid Deconstruct  Erth           0%         3d5*      100%        5
 Statue Form              Tmut/Erth      0%         N/A       100%        6


Dungeon Overview and Level Annotations

Branches:
Dungeon (1/15)


Innate Abilities, Weirdness & Mutations

You have an increased reservoir of magic. (+10% MP)
You shall have no god before yourself.
Your divine heritage dramatically boosts your attributes as you level up.


Message History

Fire: a) +0 shortbow
Press: ? - help, Q - select action Shift-Dir - straight line, f/p - jackal
Aim: a jackal (55% to hit)
You shoot an arrow. The arrow hits the jackal!
You kill the jackal!
The jackal bites you. The jackal closely misses you. x3
The frilled lizard closely misses you.
Fire: a) +0 shortbow
Press: ? - help, Q - select action Shift-Dir - straight line, f - jackal
Aim: a jackal (55% to hit)
You shoot an arrow. The arrow hits the jackal.
The jackal is lightly wounded.
The jackal bites you but does no damage. x2
The frilled lizard bites you. The jackal misses you. The jackal bites you.
* * * LOW HITPOINT WARNING * * *
Fire: a) +0 shortbow
Press: ? - help, Q - select action Shift-Dir - straight line, f/p - jackal
Aim: a jackal (lightly wounded, 55% to hit)
You shoot an arrow. The arrow barely misses the jackal.
The jackal bites you.
* * * LOW HITPOINT WARNING * * *
The jackal barely misses you. The frilled lizard barely misses you.
The jackal bites you but does no damage.
The jackal closely misses you. The frilled lizard closely misses you.
Fire: a) +0 shortbow
Press: ? - help, Q - select action Shift-Dir - straight line, f/p - jackal
Aim: a jackal (lightly wounded, 55% to hit)
You shoot an arrow. The arrow barely misses the jackal.
The jackal misses you. The jackal closely misses you.
The jackal completely misses you. The frilled lizard barely misses you.
The jackal bites you but does no damage.
Fire: a) +0 shortbow
Press: ? - help, Q - select action Shift-Dir - straight line, f/p - jackal
Aim: a jackal (lightly wounded, 55% to hit)
You shoot an arrow. The arrow hits the jackal!
You kill the jackal!
The jackal bites you.
* * * LOW HITPOINT WARNING * * *
The frilled lizard bites you.
You die...

##..#####
###.....#.###.
###.............
#.....#..<...#..
##)..####...####.
#..### ##...# # !##
##..# #....##
..>..##...#
##.....## #.rl@..#
##.......#
####h...##...#....#
###......###....#
##....†# #......
#...... #..##.
##..... ..# ###...)
..# ###.. #..


You could see a quokka, a jackal and a frilled lizard.

Vanquished Creatures
  A goblin (D:1)
  5 jackals (D:1)
  A frilled lizard (D:1)
  A rat (D:1)
8 creatures vanquished.

Notes
Turn   | Place    | Note
-------+----------+-------------------------------------------
     0 | D:1      | zishaf the Demigod Hunter began the quest for the Orb.
     0 | D:1      | Reached XP level 1. HP: 17/17 MP: 3/3
    54 | D:1      | Slain by a frilled lizard

Illustrated notes

Levels and vault maps discovered:
D:1:      dpeg_arrival_arbitrary_b, layout_rooms,
          hellmonk_ecumenical_altar_inner_sanctum, chequers_mini_garden,
          minivault_26

Skill      XL: |  1 |
---------------+----+-----
Fighting       | 2 |  2.0
Ranged Weapons | |  3.9
Dodging        | |  1.7
Stealth        | |  0.8

Action                   || total
-------------------------++-------
 Fire: Shortbow          ||    22
Armor: Leather armour    ||    12
Dodge: Dodged            ||    22

Table legend: (Time is in decaauts)
 A = Elapsed time spent in this place.
 B = Non-inter-level travel time spent in this place.
 C = Inter-level travel time spent in this place.
 D = Time resting spent in this place.
 E = Time spent auto-exploring this place.
 F = Levels seen in this place.
 G = Mean time per level.
                   A        B        C        D        E       F      G
               +--------+--------+--------+--------+--------+-----+--------+
         Total |     61 |     61 |      0 |      0 |     25 |   1 |   61.0 |
       Dungeon |     61 |     61 |      0 |      0 |     25 |   1 |   61.0 |
               +--------+--------+--------+--------+--------+-----+--------+

Top non-repeatable levels by time:
     D:1: 61 daAuts
